Cogmind - Beta 11 X4 @@@ ROGUE MODE // 2021.06.03 @ 16:49:13 Player: Captain Croissandwich Result: Escaped! Performance ------------- Evolutions (9) 4500 Regions Visited (31) 6200 Robots Destroyed (148) 740 Value Destroyed (3838) 3838 Prototype IDs (87) 1740 Alien Tech Used (1) 200 Bonus (6024) 6024 TOTAL SCORE: 23242 Bonus ------- High Alert Combat Kills 127 Follower Combat Kills 270 Aligned with FarCom 300 Met Data Miner 300 Met Imprinter 300 Met Zhirov 300 Met Warlord at Base 500 MAIN.C Attacked Warlord 500 Scanned by Researcher 500 Win 3000 Friendly Fire -73 Cogmind --------- Core Integrity 1600/1600 Matter 240/300 Energy 90/100 System Corruption 0% Temperature Cool (5) Movement Flying (90) Ox1 Location To Epsilon Eridani Parts ------- > --- POWER (2) -------- Backup Power VII Backup Power VII > --- PROPULSION (6) --- Cooled Nuclear Pulse Thruster Field Propulsion Array Electron Diverter Electron Diverter Improved Q-thruster > --- UTILITY (15) ----- Medium Storage Unit Machine Analyzer Experimental Optical Array Experimental Sensor Array Experimental Signal Interpreter Powered Armor Improved Focal Shield Hacking Suite Improved Hacking Suite Advanced Hacking Suite System Mapper System Mapper Advanced System Shield Ghost Barrier Mapping Drone Bay (3/3) > --- WEAPON (2) ------- Nova Cannon Kinetic Spear > --- INVENTORY (10) --- Field Propulsion Drive Cooled Field Propulsion Drive Powered Armor Thief Drone Bay (3/3) Transdimensional Reconstructor Enhanced Nova Cannon Railgun Mini Smartbomb Launcher CR-A16's Pointy Stick Peak State ------------ > --- POWER ------------ Backup Power VII Backup Power VII > --- PROPULSION ------- Cooled Nuclear Pulse Thruster Field Propulsion Array Electron Diverter Electron Diverter Improved Q-thruster > --- UTILITY ---------- Medium Storage Unit Machine Analyzer Experimental Optical Array Experimental Sensor Array Experimental Signal Interpreter Powered Armor Improved Focal Shield Hacking Suite Improved Hacking Suite Advanced Hacking Suite System Mapper System Mapper Advanced System Shield Ghost Barrier Mapping Drone Bay > --- WEAPON ----------- Nova Cannon Kinetic Spear > --- INVENTORY -------- Field Propulsion Drive Cooled Field Propulsion Drive Powered Armor Thief Drone Bay Transdimensional Reconstructor Enhanced Nova Cannon Railgun Mini Smartbomb Launcher CR-A16's Pointy Stick [Rating: 176] Favorites ----------- Power Backup Power VII Engine Light Ion Engine Power Core Backup Power VII Reactor Heavy Antimatter Reactor Propulsion Improved Flight Unit Treads Improved Treads Wheel Wheel Flight Unit Improved Flight Unit Utility High-capacity Storage Unit Device Experimental Sensor Array Storage High-capacity Storage Unit Processor Advanced Visual Processing Unit Hackware System Mapper Protection Light Armor Plating Weapon Heavy Assault Rifle Energy Gun Backup Laser VII Energy Cannon Nova Cannon Ballistic Gun Heavy Assault Rifle Ballistic Cannon Magnetic Acceleration Cannon Launcher Grenade Launcher Slashing Weapon Katana Piercing Weapon Kinetic Spear Build | -11 -10 -10 -9 -9 -9 -8 -8 -7 -7 -7 -7 -6 -6 -6 -6 -6 -5 -5 -5 -5 -5 -4 -4 -4 -4 -4 -3 -3 -3 -2 -1 ------- Run | Scr Mat Min Mat Min Exi Min Mat Fac Low Low Zio Pro Fac Low Low Dat Pro Fac Upp Upp War Pro Fac Upp Upp Zhi Pro Res Tes Res Acc Slots Evolved 18 | . . . 2 . . . 2 2 . . . . 2 . . . . 2 . . . . 2 . . . . 2 . 2 2 Power 1 | . . . . . . . . . . . . . . . . . . . . . . . . . . . . . . . 1 Propulsion 4 | . . . 1 . . . . 1 . . . . 1 . . . . . . . . . . . . . . 1 . . . Utility 13 | . . . 1 . . . 2 1 . . . . 1 . . . . 2 . . . . 2 . . . . 1 . 2 1 Weapon . | . . . . . . . . . . . . . . . . . . . . . . . . . . . . . . . . Parts Attached 323 | 6 19 9 37 14 3 3 46 12 5 2 2 8 15 5 3 2 18 11 7 5 12 3 14 5 5 9 5 8 18 6 6 Power 22 | 1 3 1 2 1 . . 4 . 1 . . . 1 1 1 . . . . . . . . . . 2 . 1 . 2 1 Engine 12 | 1 2 1 2 1 . . 2 . 1 . . . 1 1 . . . . . . . . . . . . . . . . . Core 8 | . 1 . . . . . 2 . . . . . . . 1 . . . . . . . . . . 1 . 1 . 1 1 Reactor 2 | . . . . . . . . . . . . . . . . . . . . . . . . . . 1 . . . 1 . Propulsion 47 | 2 3 1 12 1 1 2 10 4 . . . . 1 . . . . 2 1 . 2 . . . . . . 3 2 . . Treads 20 | . 2 . 8 1 . 1 8 . . . . . . . . . . . . . . . . . . . . . . . . Leg . | . . . . . . . . . . . . . . . . . . . . . . . . . . . . . . . . Wheel 11 | 2 1 1 3 . 1 1 2 . . . . . . . . . . . . . . . . . . . . . . . . Hover . | . . . . . . . . . . . . . . . . . . . . . . . . . . . . . . . . Flight 16 | . . . 1 . . . . 4 . . . . 1 . . . . 2 1 . 2 . . . . . . 3 2 . . Utility 142 | 1 5 . 9 4 . . 17 7 4 1 2 2 5 4 2 1 8 6 6 2 7 2 8 4 4 5 3 3 14 3 3 Device 61 | . . . 2 2 . . 11 1 2 1 . 1 1 2 1 . 5 1 2 2 4 2 2 2 3 3 2 . 4 2 3 Storage 6 | 1 2 . . . . . 1 1 . . . . . . . . . 1 . . . . . . . . . . . . . Processor 8 | . . . 1 . . . 1 1 . . . . 1 . . . . 1 . . 1 . . . . . . 1 1 . . Hackware 8 | . . . . . . . . 1 . . . . 1 . . . . 1 1 . . . 1 . . . . 1 1 1 . Protection 59 | . 3 . 6 2 . . 4 3 2 . 2 1 2 2 1 1 3 2 3 . 2 . 5 2 1 2 1 1 8 . . Artifact . | . . . . . . . . . . . . . . . . . . . . . . . . . . . . . . . . Weapon 112 | 2 8 7 14 8 2 1 15 1 . 1 . 6 8 . . 1 10 3 . 3 3 1 6 1 1 2 2 1 2 1 2 Energy Gun 16 | . . 1 2 . . . . . . . . . 3 . . . 5 1 . 1 3 . . . . . . . . . . Energy Cannon 11 | . . . . . . . . . . . . 4 2 . . . . . . . . . . . . . . 1 1 1 2 Ballistic Gun 36 | 2 6 4 6 4 1 1 12 . . . . . . . . . . . . . . . . . . . . . . . . Ballistic Cannon 13 | . . . . . . . . . . . . . 1 . . . 3 1 . 1 . 1 3 1 1 . 1 . . . . Launcher 14 | . 2 2 4 1 . . 1 . . . . . . . . . 1 . . . . . 1 . . . 1 . 1 . . Special Weapon . | . . . . . . . . . . . . . . . . . . . . . . . . . . . . . . . . Impact Weapon . | . . . . . . . . . . . . . . . . . . . . . . . . . . . . . . . . Slashing Weapon 15 | . . . 2 3 1 . 2 1 . 1 . 2 2 . . . 1 . . . . . . . . . . . . . . Piercing Weapon 7 | . . . . . . . . . . . . . . . . 1 . 1 . 1 . . 2 . . 2 . . . . . Special Melee Weapon . | . . . . . . . . . . . . . . . . . . . . . . . . . . . . . . . . Unidentified Prototypes 15 | . . . 1 1 . . . . . . . . . . . . . 1 . . 6 . . . . 4 . . 2 . . Parts Lost 32 | . 4 . 7 4 . 2 13 . 1 . . . . . . . . . . . . . . . . . . . 1 . . Power 7 | . 1 . 1 1 . . 3 . 1 . . . . . . . . . . . . . . . . . . . . . . Propulsion 11 | . 2 . 2 1 . 2 4 . . . . . . . . . . . . . . . . . . . . . . . . Utility 9 | . . . 2 2 . . 4 . . . . . . . . . . . . . . . . . . . . . 1 . . Weapon 5 | . 1 . 2 . . . 2 . . . . . . . . . . . . . . . . . . . . . . . . Highest Loss Streak 5 | . 2 . 3 2 . 1 5 . 1 . . . . . . . . . . . . . . . . . . . 1 . . Average Slot Usage (%) 95 | . 99 100 98 96 88 92 88 92 91 91 90 91 96 100 100 100 99 100 100 100 99 100 99 96 99 98 100 99 94 88 92 Engine 4 | . 6 5 10 7 11 11 1 . 7 7 7 7 2 . 1 . . . . . . . . . . . . . . . . Core 3 | . 7 8 . . . . 7 7 . . . . 3 6 4 6 6 5 5 5 5 5 5 5 5 5 5 4 4 4 8 Treads 12 | . 13 25 22 31 32 26 15 . . . . . . . . . . . . . . . . . . . . . . . . Wheel 3 | . 14 2 10 1 . . 9 . . . . . . . . . . . . . . . . . . . . . . . . Flight 12 | . . . . . . . . 30 30 30 30 30 33 33 33 33 33 29 29 29 29 29 26 26 26 26 26 27 23 21 20 Device 6 | . . . 2 11 11 11 13 6 6 7 5 7 6 6 5 1 7 5 5 11 10 10 7 6 9 9 9 9 2 4 8 Storage 8 | . 14 14 11 11 11 11 9 7 7 7 7 7 6 6 6 6 6 5 5 5 5 5 5 5 5 5 5 4 4 4 4 Processor 8 | . . . 8 . . . 6 15 15 15 15 15 13 13 13 13 13 17 17 17 17 17 15 15 15 15 15 14 14 13 12 Hackware 7 | . . . . . . . . 6 7 7 7 7 12 13 13 13 13 17 17 17 17 17 21 21 21 21 21 23 27 27 28 Protection 8 | . 13 14 10 10 11 11 7 7 7 7 8 7 6 6 6 11 4 4 5 . . . 7 9 5 4 5 4 5 4 4 Energy Gun 1 | . . 2 3 . . . . . . . . . 2 6 6 1 5 4 5 4 4 . . . . . . . . . . Ballistic Gun 10 | . 27 22 15 21 . 22 16 4 . . . . . . . . . . . . . . . . . . . . . . . Slashing Weapon 2 | . . . 2 . 11 . . 2 6 6 5 5 6 6 6 6 5 1 . . . . . . . . . . . . . Piercing Weapon 1 | . . . . . . . . . . . . . . . . 5 . 3 5 4 5 5 5 5 5 5 5 4 4 4 4 Naked Turns . | . . . . . . . . . . . . . . . . . . . . . . . . . . . . . . . . Heaviest Build 70 | 12 54 53 57 53 53 53 70 21 21 20 20 27 26 23 25 25 23 25 26 24 26 28 32 31 30 32 32 33 33 41 48 Greatest Support 66 | 20 40 40 46 66 66 66 45 20 20 20 20 20 25 25 25 25 25 25 26 26 32 32 32 32 32 32 35 39 45 45 45 Greatest Overweight (x) 6 | . 5 3 5 4 3 5 6 1 1 . . 1 1 . . . . . . . . . . . . . . 1 1 . 1 Average Overweight (x) . | . 1 1 3 . . . 4 . . . . . . . . . . . . . . . . . . . . . . . . Largest Inventory Capacity 25 | 8 20 20 20 20 20 20 20 20 10 10 10 10 10 10 10 10 10 25 10 10 10 10 10 10 10 10 10 10 10 10 10 Average Capacity 15 | 7 17 20 20 20 20 20 20 10 10 10 10 10 10 10 10 10 10 10 10 10 10 10 10 10 10 10 10 10 10 10 10 Most Carried 20 | 5 20 20 20 20 20 20 20 19 10 10 10 10 10 10 10 10 10 10 10 10 10 10 10 10 10 10 10 10 10 10 10 Average Carried 14 | 3 13 19 19 17 19 19 19 10 9 9 9 9 9 10 10 8 9 9 9 10 9 10 8 9 9 9 10 9 9 9 9 Final Capacity 20 | 8 20 20 20 20 20 20 20 10 10 10 10 10 10 10 10 10 10 10 10 10 10 10 10 10 10 10 10 10 10 10 10 Final Carried 20 | 5 20 20 20 19 19 20 20 10 10 9 10 10 10 10 10 10 10 10 10 10 10 10 10 10 9 10 10 10 10 10 9 Class Distribution -------------------- 37% | Mutant 18% | Scavenger-Mutant 15% | Hacker-Scout 15% | Wizard-Scout 10% | Scout Dominant Class ---------------- Mutant | -10/Materials Mutant | -10/Mines Scavenger-Mutant | -9/Materials Mutant | -9/Mines Scavenger-Mutant | -9/Exiles Mutant | -8/Mines Mutant | -8/Materials Scout | -7/Factory Scout | -7/Lower Caves Scout | -7/Lower Caves Scout | -7/Zion Scout | -6/Proximity Caves Hacker-Scout | -6/Factory Hacker-Scout | -6/Lower Caves Hacker-Scout | -6/Lower Caves Hacker-Sprinter | -6/Data Miner Hacker-Scout | -5/Proximity Caves Hacker-Scout | -5/Factory Hacker-Scout | -5/Upper Caves Hacker-Scout | -5/Upper Caves Hacker-Scout | -5/Warlord Hacker-Scout | -4/Proximity Caves Wizard-Scout | -4/Factory Wizard-Scout | -4/Upper Caves Wizard-Scout | -4/Upper Caves Wizard-Scout | -4/Zhirov Wizard-Scout | -3/Proximity Caves Wizard-Scout | -3/Research Wizard-Scout | -3/Testing Wizard-Scout | -2/Research Wizard-Scout | -1/Access Resources | -11 -10 -10 -9 -9 -9 -8 -8 -7 -7 -7 -7 -6 -6 -6 -6 -6 -5 -5 -5 -5 -5 -4 -4 -4 -4 -4 -3 -3 -3 -2 -1 ----------- Run | Scr Mat Min Mat Min Exi Min Mat Fac Low Low Zio Pro Fac Low Low Dat Pro Fac Upp Upp War Pro Fac Upp Upp Zhi Pro Res Tes Res Acc Matter Collected 6043 | 282 579 337 823 333 106 156 1069 160 102 16 76 70 . 90 130 . 248 85 49 112 55 34 115 158 269 104 73 . 221 191 . Remotely 859 | . . . 100 . . . 759 . . . . . . . . . . . . . . . . . . . . . . . . Salvage Created 5707 | 62 788 162 1639 367 . 37 1175 . . . . 129 . 56 130 25 . 85 24 . . . 132 60 59 114 320 . 136 207 . Parts 322 | 3 54 11 116 21 . 7 65 . . . . 1 . 3 . 3 . 6 2 . . . 8 . . 2 5 . 9 6 . Haulers Intercepted 10 | . . . 5 . . . 4 . . . . . . . . . . . . . . . 1 . . . . . . . . Recyclers Shooed 8 | . 2 . . 2 . . 3 . . . . . . . . . . . . . . . . . . . . . . 1 . Parts Field Recycled . | . . . . . . . . . . . . . . . . . . . . . . . . . . . . . . . . Retrieved Matter . | . . . . . . . . . . . . . . . . . . . . . . . . . . . . . . . . Parts Self-Destructed 10 | . . . . . . . . . 3 . . . . . . . . . . . 1 . . . . 2 4 . . . . Prevented 5 | . . . . . . . . . . . . . . . . . . . . . 5 . . . . . . . . . . Kills | -11 -10 -10 -9 -9 -9 -8 -8 -7 -7 -7 -7 -6 -6 -6 -6 -6 -5 -5 -5 -5 -5 -4 -4 -4 -4 -4 -3 -3 -3 -2 -1 ------- Run | Scr Mat Min Mat Min Exi Min Mat Fac Low Low Zio Pro Fac Low Low Dat Pro Fac Upp Upp War Pro Fac Upp Upp Zhi Pro Res Tes Res Acc Combat Hostiles Destroyed 102 | . 20 7 31 14 . . 24 . . . . . . . . . . . . . . . 3 . . . . . 3 . . Melee 6 | . . . 4 . . . . . . . . . . . . . . . . . . . . . . . . . 2 . . Guns 71 | . 20 7 16 11 . . 17 . . . . . . . . . . . . . . . . . . . . . . . . AOE 25 | . . . 11 3 . . 7 . . . . . . . . . . . . . . . 3 . . . . . 1 . . Classes Destroyed 19 | 1 4 3 7 . . . 1 . . . . . . 1 . . . . . . . . . . . . 1 . 1 . . Worker 8 | . . 1 . 1 . 2 2 . . . . . . . . . . 1 . . . . 1 . . . . . . . . Tunneler 2 | . . . 1 1 . . . . . . . . . . . . . . . . . . . . . . . . . . . Hauler 10 | . . . 5 . . . 4 . . . . . . . . . . . . . . . 1 . . . . . . . . Recycler 8 | 1 1 . 3 1 . . . . . . . . . . . . . . . . . . . . . . . . . 2 . Minesweeper 1 | . . . . . . . . . . . . . . . . . . . . . . . . . . . 1 . . . . Mechanic 1 | . 1 . . . . . . . . . . . . . . . . . . . . . . . . . . . . . . Operator 4 | . . . 2 . . . 2 . . . . . . . . . . . . . . . . . . . . . . . . Watcher 12 | . 3 . 5 . . . 1 . . . . . . . . . . 2 . . . . . . . . . . 1 . . Swarmer 33 | . 6 2 5 11 . . 3 . . . . . . . . . . . . . . . 3 . . . . . 3 . . Grunt 44 | . 14 1 15 2 . . 12 . . . . . . . . . . . . . . . . . . . . . . . . Brawler 3 | . . . 1 1 . . 1 . . . . . . . . . . . . . . . . . . . . . . . . Duelist 1 | . . . 1 . . . . . . . . . . . . . . . . . . . . . . . . . . . . Protector 1 | . . . 1 . . . . . . . . . . . . . . . . . . . . . . . . . . . . Researcher 1 | . . . . . . . . . . . . . . . . . . . . . . . . . . . . . 1 . . Sentry 15 | . . . 8 . . . 7 . . . . . . . . . . . . . . . . . . . . . . . . Demolisher 2 | . . 2 . . . . . . . . . . . . . . . . . . . . . . . . . . . . . Hunter 1 | . . . . . . . 1 . . . . . . . . . . . . . . . . . . . . . . . . Decomposer 4 | . . . . . . . . . . . . . . . . . . . 1 . . . . 3 . . . . . . . Packrat 1 | . . . . . . . . . . . . . . . . . . . . . . . . . 1 . . . . . . Tinkerer 1 | . . . . . . . . . . . . . . 1 . . . . . . . . . . . . . . . . . Assembled 2 | . . 2 . . . . . . . . . . . . . . . . . . . . . . . . . . . . . Best Kill Streak 10 | 1 3 2 6 9 . 1 10 . . . . . . . . 1 . 1 . . . . 4 . . . 1 . 2 2 . Combat Bots Only 8 | . 3 2 6 8 . . 8 . . . . . . . . . . . . . . . 3 . . . . . 2 . . Max Kills in Single Turn 3 | 1 1 1 3 2 . 1 3 . . . . . . 1 . 1 . 1 1 . . . 2 1 1 . 1 . 1 1 . Gunslinging 1 | . . . . 1 . . . . . . . . . . . . . . . . . . . . . . . . . . . Exploded 3 | . . . 3 1 . . 3 . . . . . . . . . . . . . . . 2 . . . . . 1 . . Melee 1 | . . . 1 . . . . . . . . . . . . . . . . . . . . . . . . . 1 . . Uniques/NPCs Destroyed 1 | . . . . . . . . . . . . . . . . 1 . . . . . . . . . . . . . . . Data Miner (-6/Data Miner) Combat | -11 -10 -10 -9 -9 -9 -8 -8 -7 -7 -7 -7 -6 -6 -6 -6 -6 -5 -5 -5 -5 -5 -4 -4 -4 -4 -4 -3 -3 -3 -2 -1 -------- Run | Scr Mat Min Mat Min Exi Min Mat Fac Low Low Zio Pro Fac Low Low Dat Pro Fac Upp Upp War Pro Fac Upp Upp Zhi Pro Res Tes Res Acc Damage Taken 6145 | . 753 391 1167 525 . 108 1905 . 143 . . 40 . . 14 90 90 . 46 . . 49 75 . 12 . . . 737 . . Core 736 | . 106 24 30 54 . . 210 . 62 . . . . . . 45 21 . . . . 22 . . . . . . 162 . . Absorbed by Shields . | . . . . . . . . . . . . . . . . . . . . . . . . . . . . . . . . Core Remaining (%) 86 | 100 . 48 . . . 79 61 . . . . 91 . . . . 92 . . . . 97 . . . . 100 . 87 100 100 Volleys Fired 454 | 4 75 20 103 28 1 9 122 . . . . 15 7 . . . 7 4 . 2 . 4 11 6 1 . 7 6 5 4 13 Largest 2 | 2 2 2 2 2 1 2 2 . . . . 1 1 . . . 1 1 . 1 . 1 1 1 1 . 1 1 1 1 1 Hottest 113 | 40 46 85 85 53 23 46 51 . . . . 65 65 . . . 53 53 . 53 . 53 80 61 53 . 53 113 113 113 113 Shots Fired 756 | 8 149 34 170 56 1 21 225 . . . . 15 7 . . . 7 4 . 2 . 4 11 6 1 . 7 6 5 4 13 Gun 642 | 8 148 33 159 53 1 21 218 . . . . . . . . . . 1 . . . . . . . . . . . . . Cannon 86 | . . . . . . . . . . . . 15 7 . . . 7 3 . 2 . 4 8 6 1 . 7 6 3 4 13 Launcher 28 | . 1 1 11 3 . . 7 . . . . . . . . . . . . . . . 3 . . . . . 2 . . Special . | . . . . . . . . . . . . . . . . . . . . . . . . . . . . . . . . Kinetic 658 | 8 148 30 136 53 1 21 218 . . . . . 2 . . . 7 3 . 2 . 4 8 6 1 . 7 3 . . . Thermal 70 | . . 3 23 . . . . . . . . 15 5 . . . . 1 . . . . . . . . . 3 3 4 13 Explosive 28 | . 1 1 11 3 . . 7 . . . . . . . . . . . . . . . 3 . . . . . 2 . . Electromagnetic . | . . . . . . . . . . . . . . . . . . . . . . . . . . . . . . . . Robot Hit Streak 19 | 4 19 5 18 18 . 6 17 . . . . . . . . . . . . . . . 2 1 . . . . . . . Robot Miss Streak 4 | 1 2 4 4 3 . 1 3 . . . . . . . . . . . . . . . 2 2 . . . . . . . Penetration Max . | . . . . . . . . . . . . . . . . . . . . . . . . . . . . . . . . Secondary Targets 9 | . . 2 . 6 . . 1 . . . . . . . . . . . . . . . . . . . . . . . . Max Gunslinging Chain 1 | . . 1 . 1 . . 1 . . . . . . . . . . . . . . . . . . . . . . . . Shots Hit Robots 535 | 6 111 19 124 40 . 14 170 . . . . 2 . 3 4 1 . 6 1 . . . 6 4 4 1 6 . 8 5 . Core Hits 272 | 2 37 18 83 21 . 6 66 . . . . 2 . 3 2 1 . 3 1 . . . 10 2 1 1 4 . 6 3 . Critical Kills 3 | . . . . . . 1 2 . . . . . . . . . . . . . . . . . . . . . . . . Critical Parts Destroyed 5 | . . 1 1 1 . . . . . . . . . . . . . . . . . . 1 1 . . . . . . . Critical Strikes 9 | . . 1 2 1 . 1 2 . . . . . . . . . . . . . . . 1 1 . . . . . . . Destroy 8 | . . 1 1 1 . 1 2 . . . . . . . . . . . . . . . 1 1 . . . . . . . Sever 1 | . . . 1 . . . . . . . . . . . . . . . . . . . . . . . . . . . . Melee Attacks 250 | . . . 16 3 . . 4 7 4 17 . 15 13 13 6 5 18 15 2 5 . 4 13 15 11 1 11 15 23 12 2 Impact . | . . . . . . . . . . . . . . . . . . . . . . . . . . . . . . . . Slashing 119 | . . . 16 3 . . 4 7 4 17 . 15 13 13 6 . 18 3 . . . . . . . . . . . . . Piercing 131 | . . . . . . . . . . . . . . . . 5 . 12 2 5 . 4 13 15 11 1 11 15 23 12 2 Sneak Attacks 13 | . . . 1 . . . . . . . . . . 1 . 1 . 1 1 . . . 1 3 1 . 1 . . 2 . Combat Hostiles . | . . . . . . . . . . . . . . . . . . . . . . . . . . . . . . . . Follow-up Attacks 1 | . . . . . . . . . . . . . . . . . . . . . . . 1 . . . . . . . . Damage Inflicted 14353 | 69 1598 293 3236 840 . 247 3518 . . . . 157 . 323 354 129 . 394 114 . . . 540 430 219 114 721 . 719 338 . Guns 6757 | 69 1598 270 1637 573 . 247 2363 . . . . . . . . . . . . . . . . . . . . . . . . Cannons 50 | . . . . . . . . . . . . . . . . . . . . . . . 29 21 . . . . . . . Explosions 3246 | . . 23 1150 267 . . 1105 . . . . . . . . . . . . . . . 352 . . . . . 349 . . Melee 4296 | . . . 449 . . . 46 . . . . 157 . 323 354 129 . 394 114 . . . 159 409 219 114 721 . 370 338 . Ramming 4 | . . . . . . . 4 . . . . . . . . . . . . . . . . . . . . . . . . Kinetic 6516 | 69 1598 229 1387 573 . 247 2363 . . . . . . . . . . . . . . . 29 21 . . . . . . . Thermal 291 | . . 41 250 . . . . . . . . . . . . . . . . . . . . . . . . . . . . Explosive 3246 | . . 23 1150 267 . . 1105 . . . . . . . . . . . . . . . 352 . . . . . 349 . . Electromagnetic . | . . . . . . . . . . . . . . . . . . . . . . . . . . . . . . . . Impact . | . . . . . . . . . . . . . . . . . . . . . . . . . . . . . . . . Slashing 1490 | . . . 449 . . . 46 . . . . 157 . 323 354 . . 161 . . . . . . . . . . . . . Piercing 2806 | . . . . . . . . . . . . . . . . 129 . 233 114 . . . 159 409 219 114 721 . 370 338 . Highest Corruption 9 | . 1 1 4 9 9 9 . . . . . . . . . . . . . . . . . . . . . . . . . Average Corruption 5 | . 1 1 4 8 9 9 . . . . . . . . . . . . . . . . . . . . . . . . . Corruption Purged . | . . . . . . . . . . . . . . . . . . . . . . . . . . . . . . . . Effects 110 | . 1 2 6 27 21 53 . . . . . . . . . . . . . . . . . . . . . . . . . Message Errors 26 | . 1 1 1 6 8 9 . . . . . . . . . . . . . . . . . . . . . . . . . Matter Fused 32 | . . . 2 8 5 17 . . . . . . . . . . . . . . . . . . . . . . . . . Heat Flow Errors 18 | . . . . 7 3 8 . . . . . . . . . . . . . . . . . . . . . . . . . Energy Discharges 10 | . . . . 2 3 5 . . . . . . . . . . . . . . . . . . . . . . . . . Data Loss (minor) 14 | . . 1 3 1 1 8 . . . . . . . . . . . . . . . . . . . . . . . . . Data Loss (major) 3 | . . . . 1 1 1 . . . . . . . . . . . . . . . . . . . . . . . . . Misfires 5 | . . . . 1 . 4 . . . . . . . . . . . . . . . . . . . . . . . . . Weapon Failures 2 | . . . . 1 . 1 . . . . . . . . . . . . . . . . . . . . . . . . . Overload Shots . | . . . . . . . . . . . . . . . . . . . . . . . . . . . . . . . . Overflow Damage 996 | . . . 48 . . . 78 . . . . . . . 90 . . 116 . . . . . 117 166 . 240 . 94 47 . Projectiles . | . . . . . . . . . . . . . . . . . . . . . . . . . . . . . . . . Explosions 145 | . . . 23 . . . 78 . . . . . . . . . . . . . . . . . . . . . 44 . . Melee 851 | . . . 25 . . . . . . . . . . . 90 . . 116 . . . . . 117 166 . 240 . 50 47 . Knockbacks 1 | . . . . . . . . . . . . . . . . . . . . . . . 1 . . . . . . . . Impact . | . . . . . . . . . . . . . . . . . . . . . . . . . . . . . . . . Kinetic 1 | . . . . . . . . . . . . . . . . . . . . . . . 1 . . . . . . . . Secondary . | . . . . . . . . . . . . . . . . . . . . . . . . . . . . . . . . Self-Inflicted Damage 78 | . . . 21 . . . 57 . . . . . . . . . . . . . . . . . . . . . . . . Shots 2 | . . . 1 . . . 1 . . . . . . . . . . . . . . . . . . . . . . . . Rammed 3 | . . . . . . . 3 . . . . . . . . . . . . . . . . . . . . . . . . Targets Rammed 3 | . . . . . . . 3 . . . . . . . . . . . . . . . . . . . . . . . . Kicked . | . . . . . . . . . . . . . . . . . . . . . . . . . . . . . . . . Crushed . | . . . . . . . . . . . . . . . . . . . . . . . . . . . . . . . . Highest Temperature 294 | . 66 117 144 266 280 294 47 . 15 . . 60 48 . . 5 3 1 . . . 3 96 17 . . . 52 44 50 89 Average Temperature 54 | . 27 58 34 100 127 117 18 . 5 . . 24 21 . . 5 2 1 . . . 3 30 10 . . . 29 21 23 35 Received Heat Transfer 2170 | . 348 9 465 72 . 9 954 . 99 . . . . . . 12 33 . 9 . . 9 . . . . . . 151 . . Effects 1 | . . . . . . 1 . . . . . . . . . . . . . . . . . . . . . . . . . Energy Bleed 1 | . . . . . . 1 . . . . . . . . . . . . . . . . . . . . . . . . . Siege Activations . | . . . . . . . . . . . . . . . . . . . . . . . . . . . . . . . . Robots Corrupted . | . . . . . . . . . . . . . . . . . . . . . . . . . . . . . . . . Combat Hostiles . | . . . . . . . . . . . . . . . . . . . . . . . . . . . . . . . . Parts Fried . | . . . . . . . . . . . . . . . . . . . . . . . . . . . . . . . . Impact Corruptions . | . . . . . . . . . . . . . . . . . . . . . . . . . . . . . . . . Robots Melted . | . . . . . . . . . . . . . . . . . . . . . . . . . . . . . . . . Combat Hostiles . | . . . . . . . . . . . . . . . . . . . . . . . . . . . . . . . . Parts Melted . | . . . . . . . . . . . . . . . . . . . . . . . . . . . . . . . . Heat Transferred 360 | . . 50 310 . . . . . . . . . . . . . . . . . . . . . . . . . . . . Parts Sabotaged . | . . . . . . . . . . . . . . . . . . . . . . . . . . . . . . . . Parts Stolen . | . . . . . . . . . . . . . . . . . . . . . . . . . . . . . . . . Parts Stripped . | . . . . . . . . . . . . . . . . . . . . . . . . . . . . . . . . Power Chain Reactions . | . . . . . . . . . . . . . . . . . . . . . . . . . . . . . . . . Missiles Intercepted . | . . . . . . . . . . . . . . . . . . . . . . . . . . . . . . . . Alert | -11 -10 -10 -9 -9 -9 -8 -8 -7 -7 -7 -7 -6 -6 -6 -6 -6 -5 -5 -5 -5 -5 -4 -4 -4 -4 -4 -3 -3 -3 -2 -1 ------- Run | Scr Mat Min Mat Min Exi Min Mat Fac Low Low Zio Pro Fac Low Low Dat Pro Fac Upp Upp War Pro Fac Upp Upp Zhi Pro Res Tes Res Acc Peak Influence 655 | 5 361 111 579 523 . 81 477 233 . . . . 143 . . . . 66 . . . . 161 . . . . 655 439 160 133 Initial 368 | . 3 83 29 189 . . 1 198 . . . . 40 . . . . . . . . . . . . . . 9 368 150 19 Average 184 | 1 216 50 348 370 . 26 211 198 . . . . 99 . . . . 18 . . . . 94 . . . . 243 194 52 52 Maximum Alert Level 2 | . 1 . 2 2 . . 2 1 . . . . . . . . . . . . . . . . . . . 2 2 . . Low Security (%) 60 | 100 31 100 27 1 . 100 56 25 . . . . 100 . . . . 100 . . . . 100 . . . . 58 61 100 100 Level 1 21 | . 68 . 20 65 . . 10 74 . . . . . . . . . . . . . . . . . . . . 30 . . Level 2 18 | . . . 52 33 . . 33 . . . . . . . . . . . . . . . . . . . . 41 8 . . Level 3 . | . . . . . . . . . . . . . . . . . . . . . . . . . . . . . . . . Level 4 . | . . . . . . . . . . . . . . . . . . . . . . . . . . . . . . . . Level 5 . | . . . . . . . . . . . . . . . . . . . . . . . . . . . . . . . . High Security . | . . . . . . . . . . . . . . . . . . . . . . . . . . . . . . . . Max Security . | . . . . . . . . . . . . . . . . . . . . . . . . . . . . . . . . Squads Dispatched 32 | . 7 . 6 . . . 5 2 . . . . 2 . . . . . . . . . 1 . . . . 3 5 1 . Investigation 16 | . 5 . 3 . . . 2 2 . . . . 2 . . . . . . . . . . . . . . 1 . 1 . Extermination 2 | . . . . . . . . . . . . . . . . . . . . . . . . . . . . 1 1 . . Reinforcement 13 | . 2 . 2 . . . 3 . . . . . . . . . . . . . . . 1 . . . . 1 4 . . Assault 1 | . . . 1 . . . . . . . . . . . . . . . . . . . . . . . . . . . . Garrison . | . . . . . . . . . . . . . . . . . . . . . . . . . . . . . . . . Intercept . | . . . . . . . . . . . . . . . . . . . . . . . . . . . . . . . . Construction Impeded 3 | . . . . . . . 1 . . . . . . . . . . . . . . . 1 . . . . 1 . . . Haulers Reinforced . | . . . . . . . . . . . . . . . . . . . . . . . . . . . . . . . . Cargo Convoy Interrupts . | . . . . . . . . . . . . . . . . . . . . . . . . . . . . . . . . Stealth | -11 -10 -10 -9 -9 -9 -8 -8 -7 -7 -7 -7 -6 -6 -6 -6 -6 -5 -5 -5 -5 -5 -4 -4 -4 -4 -4 -3 -3 -3 -2 -1 --------- Run | Scr Mat Min Mat Min Exi Min Mat Fac Low Low Zio Pro Fac Low Low Dat Pro Fac Upp Upp War Pro Fac Upp Upp Zhi Pro Res Tes Res Acc Distress Signals 12 | . 4 . 2 . . . 1 . . . . . . . . . . 1 . . . . . . . . . . 1 3 . Communications Jammed . | . . . . . . . . . . . . . . . . . . . . . . . . . . . . . . . . Distress Signals . | . . . . . . . . . . . . . . . . . . . . . . . . . . . . . . . . Times Spotted 254 | . 36 9 54 15 . 4 41 . 13 . . 17 . . 1 4 5 4 1 . . 1 5 1 7 . . . 25 3 8 Peak Tracking Total 11 | . 5 3 5 7 9 3 9 . 7 . . 11 . . 1 4 5 1 1 . . 7 4 1 4 . . . 5 4 9 Tactical Retreats 26 | . 2 . 4 . . . 3 . 2 . . 3 . . 1 . . . 1 . . . 1 . 2 . . . 6 . 1 Traps | -11 -10 -10 -9 -9 -9 -8 -8 -7 -7 -7 -7 -6 -6 -6 -6 -6 -5 -5 -5 -5 -5 -4 -4 -4 -4 -4 -3 -3 -3 -2 -1 ------- Run | Scr Mat Min Mat Min Exi Min Mat Fac Low Low Zio Pro Fac Low Low Dat Pro Fac Upp Upp War Pro Fac Upp Upp Zhi Pro Res Tes Res Acc Traps Triggered 10 | . 4 . 1 . . . 3 . . . . . . . . . . . . . . . . . . . . 1 . 1 . Indirectly . | . . . . . . . . . . . . . . . . . . . . . . . . . . . . . . . . Trap Hack Attempts . | . . . . . . . . . . . . . . . . . . . . . . . . . . . . . . . . Triggered . | . . . . . . . . . . . . . . . . . . . . . . . . . . . . . . . . Disarmed 6 | . . . 1 . . . . 5 . . . . . . . . . . . . . . . . . . . . . . . Reprogrammed . | . . . . . . . . . . . . . . . . . . . . . . . . . . . . . . . . Reused . | . . . . . . . . . . . . . . . . . . . . . . . . . . . . . . . . Traps Extracted . | . . . . . . . . . . . . . . . . . . . . . . . . . . . . . . . . Installed . | . . . . . . . . . . . . . . . . . . . . . . . . . . . . . . . . Triggered 7 | . . . . . . . . . . . . . . . 2 . . . . 1 3 . . 1 . . . . . . . Machines | -11 -10 -10 -9 -9 -9 -8 -8 -7 -7 -7 -7 -6 -6 -6 -6 -6 -5 -5 -5 -5 -5 -4 -4 -4 -4 -4 -3 -3 -3 -2 -1 ---------- Run | Scr Mat Min Mat Min Exi Min Mat Fac Low Low Zio Pro Fac Low Low Dat Pro Fac Upp Upp War Pro Fac Upp Upp Zhi Pro Res Tes Res Acc Machines Disabled 15 | . . . 4 . 1 . 2 . . . . . . . . 1 . . . . . . 2 . . . . . 4 . 1 Max in Single Turn 2 | . . . 1 . 1 . 1 . . . . . . . . 1 . . . . . . 2 . . . . . 1 . 1 Garrison Access 3 | . . . . . . . 1 . . . . . 1 . . . . . . . . . . . . . . . 1 . . Machines Sabotaged . | . . . . . . . . . . . . . . . . . . . . . . . . . . . . . . . . Garrisons Compromised . | . . . . . . . . . . . . . . . . . . . . . . . . . . . . . . . . Overloaded Fab Kills . | . . . . . . . . . . . . . . . . . . . . . . . . . . . . . . . . Fab Network Shutdowns 1 | . . . . . . . . . . . . . . . . . . . . . . . . . . . . 1 . . . Hacking | -11 -10 -10 -9 -9 -9 -8 -8 -7 -7 -7 -7 -6 -6 -6 -6 -6 -5 -5 -5 -5 -5 -4 -4 -4 -4 -4 -3 -3 -3 -2 -1 --------- Run | Scr Mat Min Mat Min Exi Min Mat Fac Low Low Zio Pro Fac Low Low Dat Pro Fac Upp Upp War Pro Fac Upp Upp Zhi Pro Res Tes Res Acc Machines Accessed 97 | . 9 . 13 1 1 1 9 7 . . . . 10 1 . 4 . 11 . . 3 . 2 . . 4 . 6 11 1 3 Terminals 51 | . 6 . 9 . . 1 6 5 . . . . 4 . . . . 6 . . . . 1 . . . . 3 6 1 3 Fabricators 5 | . . . . . . . . . . . . . . . . . . 2 . . . . . . . . . 1 2 . . Repair Stations 8 | . 1 . 1 . . . 1 . . . . . 2 . . . . 1 . . . . . . . . . 1 1 . . Recycling Units 10 | . 2 . 2 . . . 1 1 . . . . 2 . . . . 1 . . . . 1 . . . . . . . . Scanalyzers 4 | . . . 1 . . . . . . . . . 1 . . . . 1 . . . . . . . . . . 1 . . Garrison Access 5 | . . . . . . . 1 1 . . . . 1 . . . . . . . . . . . . . . 1 1 . . Total Hacks 336 | . 29 . 34 1 1 3 26 19 . . . . 22 1 . 26 . 37 . . 6 . 4 . . 17 . 18 64 15 13 Successful 240 | . 14 . 17 1 1 1 13 9 . . . . 13 1 . 26 . 27 . . 6 . 4 . . 17 . 13 58 8 11 Failed 95 | . 15 . 17 . . 2 13 10 . . . . 9 . . . . 9 . . . . . . . . . 5 6 7 2 Catastrophic 11 | . 1 . 3 . . 1 1 3 . . . . . . . . . . . . . . . . . . . 1 1 . . Database Lockouts 1 | . . . . . . . . . . . . . . . . . . 1 . . . . . . . . . . . . . Manual 143 | . 6 . 15 . 1 2 17 11 . . . . 6 . . . . 20 . . 1 . 1 . . . . 11 33 14 5 Terminals 194 | . 17 . 25 . . 3 20 11 . . . . 8 . . . . 23 . . . . 2 . . . . 11 46 15 13 Fabricators 16 | . . . . . . . . . . . . . . . . . . 6 . . . . . . . . . 3 7 . . Repair Stations 25 | . 5 . 3 . . . 2 . . . . . 4 . . . . 4 . . . . . . . . . 1 6 . . Recycling Units 30 | . 7 . 4 . . . 3 5 . . . . 7 . . . . 2 . . . . 2 . . . . . . . . Scanalyzers 10 | . . . 2 . . . . . . . . . 2 . . . . 2 . . . . . . . . . . 4 . . Garrison Access 9 | . . . . . . . 1 3 . . . . 1 . . . . . . . . . . . . . . 3 1 . . Terminal Hacks 142 | . 6 . 7 1 1 1 5 3 . . . . 2 1 . 26 . 10 . . 6 . 2 . . 17 . 6 30 8 10 Record 20 | . . . . . . . . . . . . . . . . 11 . . . . . . . . . 5 . 1 3 . . Part Schematic 19 | . . . . . . . . . . . . . . . . 8 . 3 . . . . 1 . . 4 . 1 2 . . Robot Schematic 4 | . . . . . . . . . . . . . . . . 4 . . . . . . . . . . . . . . . Robot Analysis 4 | . . . . . . . . . . . . . . . . . . . . . . . . . . 4 . . . . . Prototype ID Bank 16 | . 2 . . . . . . . . . . . . . . 3 . 1 . . 4 . . . . 4 . . 1 1 . Open Door 5 | . . . . 1 . . . . . . . . . 1 . . . . . . 2 . . . . . . . . . 1 Level Access Points 4 | . . . . . . . 1 . . . . . . . . . . . . . . . . . . . . . 1 1 1 Branch Access Points 6 | . . . 1 . . . . . . . . . . . . . . 1 . . . . 1 . . . . 1 . 1 1 Emergency Access Points 3 | . 1 . . . . . . . . . . . . . . . . . . . . . . . . . . . 1 . 1 Machine Index 4 | . . . . . . . . . . . . . . . . . . 1 . . . . . . . . . 1 2 . . Terminal Index 4 | . 1 . 1 . . . 1 . . . . . . . . . . . . . . . . . . . . . . . 1 Scanalyzer Index 1 | . . . 1 . . . . . . . . . . . . . . . . . . . . . . . . . . . . Garrison Index 1 | . . . . . . . . . . . . . . . . . . . . . . . . . . . . . . 1 . Alert Level 1 | . . . . . . 1 . . . . . . . . . . . . . . . . . . . . . . . . . Unreport Threat 14 | . . . 1 . . . . 1 . . . . . . . . . 1 . . . . . . . . . . 6 3 2 Locate Traps 4 | . . . . . . . . . . . . . 1 . . . . 1 . . . . . . . . . 1 . . 1 Disarm Traps 2 | . . . 1 . . . . 1 . . . . . . . . . . . . . . . . . . . . . . . Security Status 1 | . . . . . . . . . . . . . . . . . . . . . . . . . . . . . 1 . . Recall Investigation 1 | . . . . . . . . 1 . . . . . . . . . . . . . . . . . . . . . . . Recall Extermination 2 | . . . . . . . . . . . . . . . . . . . . . . . . . . . . 1 1 . . Recall Reinforcements 4 | . . . . . . . 1 . . . . . . . . . . . . . . . . . . . . . 3 . . Hauler Manifests 2 | . . . . . . . . . . . . . . . . . . 1 . . . . . . . . . . 1 . . Registered Components 3 | . 1 . . . . . . . . . . . . . . . . 1 . . . . . . . . . . 1 . . Registered Prototypes 1 | . . . . . . . . . . . . . . . . . . . . . . . . . . . . . 1 . . Zone Layout 14 | . 1 . 2 . . . 2 . . . . . 1 . . . . . . . . . . . . . . . 5 1 2 EX-Prototype ID Bank 1 | . . . . . 1 . . . . . . . . . . . . . . . . . . . . . . . . . . Protovariant Controls 1 | . . . . . . . . . . . . . . . . . . . . . . . . . . . . . 1 . . Fabricator Hacks 10 | . . . . . . . . . . . . . . . . . . 4 . . . . . . . . . 2 4 . . Load Schematic 5 | . . . . . . . . . . . . . . . . . . 2 . . . . . . . . . 1 2 . . Build 5 | . . . . . . . . . . . . . . . . . . 2 . . . . . . . . . 1 2 . . Repair Station Hacks 22 | . 4 . 2 . . . 2 . . . . . 4 . . . . 3 . . . . . . . . . 1 6 . . Scan Component 9 | . 2 . 1 . . . 1 . . . . . 1 . . . . 2 . . . . . . . . . . 2 . . Repair 8 | . 2 . 1 . . . 1 . . . . . 1 . . . . 1 . . . . . . . . . . 2 . . Refit 5 | . . . . . . . . . . . . . 2 . . . . . . . . . . . . . . 1 2 . . Recycling Unit Hacks 8 | . 1 . . . . . 1 1 . . . . 3 . . . . 1 . . . . 1 . . . . . . . . Report Inventory 1 | . . . . . . . . 1 . . . . . . . . . . . . . . . . . . . . . . . Retrieve Matter 1 | . . . . . . . . . . . . . 1 . . . . . . . . . . . . . . . . . . Retrieve Components 6 | . 1 . . . . . 1 . . . . . 2 . . . . 1 . . . . 1 . . . . . . . . Scanalyzer 9 | . . . 2 . . . . . . . . . 2 . . . . 2 . . . . . . . . . . 3 . . Insert Component 5 | . . . 1 . . . . . . . . . 1 . . . . 1 . . . . . . . . . . 2 . . Analyze 4 | . . . 1 . . . . . . . . . 1 . . . . 1 . . . . . . . . . . 1 . . Garrison Access Hacks 3 | . . . . . . . 1 . . . . . 1 . . . . . . . . . . . . . . . 1 . . Seal Access 3 | . . . . . . . 1 . . . . . 1 . . . . . . . . . . . . . . . 1 . . Unauthorized Hacks 46 | . 3 . 6 . . . 4 5 . . . . 1 . . . . 7 . . . . 1 . . . . 4 14 . 1 Terminals 24 | . 1 . 5 . . . 2 1 . . . . . . . . . 4 . . . . . . . . . . 10 . 1 Track 6 | . . . 1 . . . . . . . . . . . . . . 1 . . . . . . . . . . 4 . . Assimilate 4 | . . . 1 . . . . . . . . . . . . . . 2 . . . . . . . . . . 1 . . Botnet 10 | . . . 2 . . . 1 1 . . . . . . . . . 1 . . . . . . . . . . 4 . 1 Disrupt 1 | . . . . . . . 1 . . . . . . . . . . . . . . . . . . . . . . . . Operators 3 | . 1 . 1 . . . . . . . . . . . . . . . . . . . . . . . . . 1 . . Fabricators 6 | . . . . . . . . . . . . . . . . . . 2 . . . . . . . . . 1 3 . . Prioritize 2 | . . . . . . . . . . . . . . . . . . 1 . . . . . . . . . . 1 . . Siphon 4 | . . . . . . . . . . . . . . . . . . 1 . . . . . . . . . 1 2 . . Repair Stations . | . . . . . . . . . . . . . . . . . . . . . . . . . . . . . . . . Recycling Units 12 | . 2 . 1 . . . 2 4 . . . . 1 . . . . 1 . . . . 1 . . . . . . . . Monitor 1 | . . . . . . . . 1 . . . . . . . . . . . . . . . . . . . . . . . Reject 1 | . . . . . . . . 1 . . . . . . . . . . . . . . . . . . . . . . . Recyclers 1 | . . . . . . . . 1 . . . . . . . . . . . . . . . . . . . . . . . Mask 5 | . . . . . . . 1 1 . . . . 1 . . . . 1 . . . . 1 . . . . . . . . Tunnel 4 | . 2 . 1 . . . 1 . . . . . . . . . . . . . . . . . . . . . . . . Scanalyzers 1 | . . . . . . . . . . . . . . . . . . . . . . . . . . . . . 1 . . Researchers 1 | . . . . . . . . . . . . . . . . . . . . . . . . . . . . . 1 . . Garrison Access 3 | . . . . . . . . . . . . . . . . . . . . . . . . . . . . 3 . . . Broadcast 1 | . . . . . . . . . . . . . . . . . . . . . . . . . . . . 1 . . . Reprogram 1 | . . . . . . . . . . . . . . . . . . . . . . . . . . . . 1 . . . Watchers 1 | . . . . . . . . . . . . . . . . . . . . . . . . . . . . 1 . . . Data Cores Recovered 1 | . . . . . . . 1 . . . . . . . . . . . . . . . . . . . . . . . . Used 1 | . . . . . . . 1 . . . . . . . . . . . . . . . . . . . . . . . . Hacking Detections 74 | . 9 . 11 . . 1 8 7 . . . . 9 . . . . 10 . . . . 2 . . . . 6 7 1 3 Full Trace Events 8 | . 1 . 2 . . . . 2 . . . . 2 . . . . . . . . . . . . . . 1 . . . Feedback Events . | . . . . . . . . . . . . . . . . . . . . . . . . . . . . . . . . Feedback Blocked . | . . . . . . . . . . . . . . . . . . . . . . . . . . . . . . . . Robot Schematics Acquired 4 | . . . . . . . . . . . . . . . . 4 . . . . . . . . . . . . . . . Robots Built . | . . . . . . . . . . . . . . . . . . . . . . . . . . . . . . . . Matter . | . . . . . . . . . . . . . . . . . . . . . . . . . . . . . . . . Time . | . . . . . . . . . . . . . . . . . . . . . . . . . . . . . . . . Total Robot Build Rating . | . . . . . . . . . . . . . . . . . . . . . . . . . . . . . . . . Part Schematics Acquired 23 | . . . 1 . . . . . . . . . 1 . . 8 . 4 . . . . 1 . . 4 . 1 3 . . Parts Built 6 | . . . . . . . . . . . . . . . . . . 2 . . . . . . . . . 1 3 . . Matter 1257 | . . . . . . . . . . . . . . . . . . 556 . . . . . . . . . 312 389 . . Time 400 | . . . . . . . . . . . . . . . . . . 253 . . . . . . . . . 74 73 . . Total Part Build Rating 36 | . . . . . . . . . . . . . . . . . . 12 . . . . . . . . . 9 15 . . Parts Repaired 8 | . 2 . 1 . . . 1 . . . . . 1 . . . . 1 . . . . . . . . . . 2 . . Time 243 | . 58 . 32 . . . 32 . . . . . 38 . . . . 25 . . . . . . . . . . 58 . . Parts Recycled . | . . . . . . . . . . . . . . . . . . . . . . . . . . . . . . . . Recycled Matter . | . . . . . . . . . . . . . . . . . . . . . . . . . . . . . . . . Retrieved Matter . | . . . . . . . . . . . . . . . . . . . . . . . . . . . . . . . . Retrieved Components 21 | . 10 . . . . . 7 . . . . . 4 . . . . . . . . . . . . . . . . . . Parts Scanalyzed 4 | . . . 1 . . . . . . . . . 1 . . . . 1 . . . . . . . . . . 1 . . Part Schematics Acquired 4 | . . . 1 . . . . . . . . . 1 . . . . 1 . . . . . . . . . . 1 . . Parts Damaged . | . . . . . . . . . . . . . . . . . . . . . . . . . . . . . . . . Bothacking | -11 -10 -10 -9 -9 -9 -8 -8 -7 -7 -7 -7 -6 -6 -6 -6 -6 -5 -5 -5 -5 -5 -4 -4 -4 -4 -4 -3 -3 -3 -2 -1 ------------ Run | Scr Mat Min Mat Min Exi Min Mat Fac Low Low Zio Pro Fac Low Low Dat Pro Fac Upp Upp War Pro Fac Upp Upp Zhi Pro Res Tes Res Acc Used RIF Installer . | . . . . . . . . . . . . . . . . . . . . . . . . . . . . . . . . Robots Hacked . | . . . . . . . . . . . . . . . . . . . . . . . . . . . . . . . . Non-combat . | . . . . . . . . . . . . . . . . . . . . . . . . . . . . . . . . Combat . | . . . . . . . . . . . . . . . . . . . . . . . . . . . . . . . . Robot Hacks Applied . | . . . . . . . . . . . . . . . . . . . . . . . . . . . . . . . . Relay Couplers Released . | . . . . . . . . . . . . . . . . . . . . . . . . . . . . . . . . Robots Rewired . | . . . . . . . . . . . . . . . . . . . . . . . . . . . . . . . . Allies Hacked . | . . . . . . . . . . . . . . . . . . . . . . . . . . . . . . . . Hacks Repelled . | . . . . . . . . . . . . . . . . . . . . . . . . . . . . . . . . Allies | -11 -10 -10 -9 -9 -9 -8 -8 -7 -7 -7 -7 -6 -6 -6 -6 -6 -5 -5 -5 -5 -5 -4 -4 -4 -4 -4 -3 -3 -3 -2 -1 -------- Run | Scr Mat Min Mat Min Exi Min Mat Fac Low Low Zio Pro Fac Low Low Dat Pro Fac Upp Upp War Pro Fac Upp Upp Zhi Pro Res Tes Res Acc Total Allies 10 | . . 2 . 3 . . . . . . . . . . . . . 2 . . . . . . . . . 3 . . . Largest Group 3 | . . 2 2 3 3 3 2 . . . . . . . . . . 2 2 . . . . . . . . 3 . . . Highest-Rated Group 252 | . . 42 42 40 40 40 24 . . . . . . . . . . 20 20 . . . . . . . . 252 . . . Highest-Rated Ally 84 | . . 31 31 16 16 16 16 . . . . . . . . . . 10 10 . . . . . . . . 84 . . . Total Orders 27 | . . . . . 2 . 1 . . . . . . . . . . . . 2 . 7 2 1 6 . 2 2 . . 2 STAY 11 | . . . . . 1 . 1 . . . . . . . . . . . . . . 2 1 . 3 . 1 1 . . 1 FOLLOW 1 | . . . . . 1 . . . . . . . . . . . . . . . . . . . . . . . . . . RETURN 15 | . . . . . . . . . . . . . . . . . . . . 2 . 5 1 1 3 . 1 1 . . 1 Ally Attacks 69 | . . 8 6 6 . 24 9 . . . . . . . . . . . . . . . . . . . . 16 . . . Total Damage 1057 | . . 103 86 38 . 293 63 . . . . . . . . . . . . . . . . . . . . 474 . . . Kills 14 | . . 2 3 1 . 4 1 . . . . . . . . . . . . . . . . . . . . 3 . . . Allies Corrupted . | . . . . . . . . . . . . . . . . . . . . . . . . . . . . . . . . Allies Melted 1 | . . . . . . . . . . . . . . . . . . . . . . . . . . . . . . 1 . Intel | -11 -10 -10 -9 -9 -9 -8 -8 -7 -7 -7 -7 -6 -6 -6 -6 -6 -5 -5 -5 -5 -5 -4 -4 -4 -4 -4 -3 -3 -3 -2 -1 ------- Run | Scr Mat Min Mat Min Exi Min Mat Fac Low Low Zio Pro Fac Low Low Dat Pro Fac Upp Upp War Pro Fac Upp Upp Zhi Pro Res Tes Res Acc Robot Analysis Total 4 | . . . . . . . . . . . . . . . . . . . . . . . . . . 4 . . . . . Derelict Logs Recovered 17 | . . 3 . 1 . . . . 1 1 1 1 . 3 2 . 1 . . 1 . 1 . . 1 . . . . . . Drone Launches 15 | . . . . . . . . . . . . . . . . . . . . 2 . 5 1 1 3 . 1 1 . . 1 Drone Recoveries 15 | . . . . . . . . . . . . . . . . . . . . 2 . 5 1 1 3 . 1 1 . . 1 Exploration | -11 -10 -10 -9 -9 -9 -8 -8 -7 -7 -7 -7 -6 -6 -6 -6 -6 -5 -5 -5 -5 -5 -4 -4 -4 -4 -4 -3 -3 -3 -2 -1 ------------- Run | Scr Mat Min Mat Min Exi Min Mat Fac Low Low Zio Pro Fac Low Low Dat Pro Fac Upp Upp War Pro Fac Upp Upp Zhi Pro Res Tes Res Acc Turns Passed 17808 | 69 1556 1458 2060 758 715 1461 1863 271 396 306 388 554 360 412 169 55 708 464 137 209 248 280 308 250 754 66 370 339 558 131 135 Spaces Moved 21743 | 55 752 609 1039 405 442 681 861 707 762 682 1215 1088 706 1037 526 110 1517 1046 416 444 792 425 424 473 1242 168 706 845 915 328 325 Core 1 | 1 . . . . . . . . . . . . . . . . . . . . . . . . . . . . . . . Treads 2140 | . 216 433 39 354 415 679 4 . . . . . . . . . . . . . . . . . . . . . . . . Legs . | . . . . . . . . . . . . . . . . . . . . . . . . . . . . . . . . Wheels 2703 | 54 536 176 1000 51 27 2 857 . . . . . . . . . . . . . . . . . . . . . . . . Hover . | . . . . . . . . . . . . . . . . . . . . . . . . . . . . . . . . Flight 16899 | . . . . . . . . 707 762 682 1215 1088 706 1037 526 110 1517 1046 416 444 792 425 424 473 1242 168 706 845 915 328 325 Fastest Speed 21 | 50 80 145 130 140 145 145 115 31 31 31 31 31 28 28 28 28 28 27 27 27 25 25 25 25 25 25 21 24 24 24 24 Average Speed 59 | 79 147 226 149 157 159 207 155 31 31 31 31 31 28 28 28 28 28 27 27 27 26 25 25 25 25 25 24 24 26 24 24 Slowest Speed 360 | 80 260 260 360 160 160 260 360 101 101 31 31 101 98 28 28 28 28 28 28 27 27 25 25 25 25 25 25 88 100 24 90 Overloaded Moves 7 | . . . . . . . . . . . . . . . . . . . . . . . . . . . 6 . 1 . . Propulsion Burnouts . | . . . . . . . . . . . . . . . . . . . . . . . . . . . . . . . . Robots Hopped 36 | . . . . . . . 1 4 . . . . 8 . . 1 . 2 . . . . 3 . . . . 3 10 1 3 Cave-ins Triggered . | . . . . . . . . . . . . . . . . . . . . . . . . . . . . . . . . Exploration Rate (%) 62 | 4 95 99 86 92 66 98 65 27 83 76 90 74 21 79 73 81 88 24 64 65 89 54 10 50 74 62 85 18 82 10 14 Regions Visited 31 Branch Regions 21 Pre-discovered Areas 17 | . 2 2 1 1 . . 1 . . . 4 . . 1 1 1 . . . . . . . . . 3 . . . . . Known Exits Taken 26 | . . 1 1 . . . 1 1 1 1 1 1 1 1 1 1 1 1 1 1 1 1 1 1 1 1 1 1 1 1 . Unknown Exits Taken 5 | 1 1 . . 1 1 1 . . . . . . . . . . . . . . . . . . . . . . . . . Scrap Searched 27 | . . 1 . 1 . 1 . . 2 2 3 2 . 2 . . 5 . 1 . . 2 . 1 2 . 2 . . . . Spaces Dug 222 | . 7 . 1 3 . . 2 5 4 17 . 27 14 10 2 . 23 8 1 6 . 8 8 10 8 . 12 16 6 11 13 Terrain Destroyed 356 | . 7 6 50 16 . . 36 5 4 17 . 27 14 10 2 . 23 8 1 6 . 8 16 10 8 . 12 16 30 11 13 Melee 157 | . . . 1 3 . . 2 5 4 17 . 13 13 10 2 . 18 7 1 5 . 4 8 10 7 . 5 12 3 7 . Projectile 58 | . . . . . . . . . . . . 14 1 . . . 5 1 . 1 . 4 . . 1 . 7 4 3 4 13 AOE 141 | . 7 6 49 13 . . 34 . . . . . . . . . . . . . . . 8 . . . . . 24 . . Terrain Rammed . | . . . . . . . . . . . . . . . . . . . . . . . . . . . . . . . . Walls Destroyed . | . . . . . . . . . . . . . . . . . . . . . . . . . . . . . . . . Machines Disabled . | . . . . . . . . . . . . . . . . . . . . . . . . . . . . . . . . Actions | -11 -10 -10 -9 -9 -9 -8 -8 -7 -7 -7 -7 -6 -6 -6 -6 -6 -5 -5 -5 -5 -5 -4 -4 -4 -4 -4 -3 -3 -3 -2 -1 --------- Run | Scr Mat Min Mat Min Exi Min Mat Fac Low Low Zio Pro Fac Low Low Dat Pro Fac Upp Upp War Pro Fac Upp Upp Zhi Pro Res Tes Res Acc Total 25458 | 69 1049 650 1352 461 452 707 1155 751 912 749 1227 1266 831 1136 536 123 1759 1187 430 520 829 586 584 573 1665 187 872 941 1183 354 362 Wait 2483 | . 184 5 113 8 6 13 87 11 139 49 . 136 91 80 2 2 193 104 3 65 12 151 125 74 407 . 144 44 214 3 18 Move 21642 | 54 751 608 1038 404 441 680 858 699 761 681 1214 1087 689 1036 525 107 1516 1041 415 443 791 424 418 472 1241 167 705 838 895 325 318 Hop 33 | . . . . . . . 1 3 . . . . 8 . . 1 . 2 . . . . 2 . . . . 3 9 1 3 Pick Up 95 | 5 16 3 20 2 . 2 10 4 1 . 5 . 2 . . 3 3 4 1 . 2 . 1 . . 2 . 4 3 2 . Fast Attach 89 | 6 7 1 6 1 . 1 27 . . . . . 1 2 . . 1 4 1 . 9 . . . . 7 . 2 11 2 . Attach 63 | . 4 . 9 5 1 1 5 9 1 1 . 5 4 . . 1 2 3 . . 1 . 2 1 1 . . 2 . 1 4 Detach 29 | . . . 2 2 1 . . 2 1 . 1 5 3 . . . . 1 1 . 2 . 1 1 . . . 2 2 . 2 Swap 172 | . 8 8 22 8 2 1 14 3 4 1 2 3 10 3 3 1 15 4 6 5 2 3 12 4 4 3 5 4 7 3 2 Drop 131 | . 4 5 23 . . . 24 13 1 . 5 . 3 2 . 3 4 5 1 . 10 . . . . 7 . 6 14 1 . Fire 454 | 4 75 20 103 28 1 9 122 . . . . 15 7 . . . 7 4 . 2 . 4 11 6 1 . 7 6 5 4 13 Melee 249 | . . . 16 3 . . 4 7 4 17 . 15 13 13 6 5 18 15 2 5 . 4 12 15 11 1 11 15 23 12 2 Ram 1 | . . . . . . . 1 . . . . . . . . . . . . . . . . . . . . . . . . Kick . | . . . . . . . . . . . . . . . . . . . . . . . . . . . . . . . . Crush 2 | . . . . . . . 2 . . . . . . . . . . . . . . . . . . . . . . . . Escape Stasis 15 | . . . . . . . . . . . . . . . . . . . . . . . . . . . . 15 . . . Rewire . | . . . . . . . . . . . . . . . . . . . . . . . . . . . . . . . . Trap . | . . . . . . . . . . . . . . . . . . . . . . . . . . . . . . . . Miscellaneous . | . . . . . . . . . . . . . . . . . . . . . . . . . . . . . . . . Route ------- -11/Scrapyard -10/Materials (discovered 4 exits: *Mat x3 / [*Min]) -10/Mines (discovered 2 exits: *Mat x2) -9/Materials (discovered 6 exits: *Mat x3 / *Min x2 / *Sto) -9/Mines (discovered 4 exits: *Mat x2 / *Exi / *Zio) -9/Exiles (discovered 2 exits: *Min x2) -8/Mines (discovered 2 exits: *Mat x2) -8/Materials (discovered 3 exits: *Fac x3) -7/Factory -7/Lower Caves -7/Lower Caves -7/Zion -6/Proximity Caves -6/Factory (discovered 2 exits: *Fac / *Low) -6/Lower Caves -6/Lower Caves (discovered 2 exits: *Fac / *Dat) -6/Data Miner -5/Proximity Caves -5/Factory (discovered 2 exits: *Upp x2) -5/Upper Caves -5/Upper Caves -5/Warlord -4/Proximity Caves -4/Factory (discovered 3 exits: *Upp x2 / Arm) -4/Upper Caves -4/Upper Caves (discovered 2 exits: *Res / *Zhi) -4/Zhirov -3/Proximity Caves -3/Research (discovered 3 exits: *Res / *Tes x2) -3/Testing -2/Research (discovered 5 exits: *Acc x3 / Qua x2) -1/Access (discovered 2 exits: *Sur / Com) To Epsilon Eridani History --------- Turn | Location | Event 21 | -11/Scrapyard | Discovered new exit (range 15) 70 | -11/Scrapyard | Entered Materials 194 | -10/Materials | Discovered new exit (range 14) 311 | -10/Materials | Discovered new exit (range 14) 312 | -10/Materials | Build established: Mutant 355 | -10/Materials | Discovered new exit (range 11) 1044 | -10/Materials | Repaired Lgt. Armor Plating 1078 | -10/Materials | Repaired Hvy. Assault Rifle 1361 | -10/Materials | Discovered new exit (range 16) 1626 | -10/Materials | Entered Mines 1627 | -10/Mines | Assembled infested the area 1632 | -10/Mines | Assisted by a Guerilla fighting off Assembled 1793 | -10/Mines | Learned location of Storage (-9) 2487 | -10/Mines | Core integrity fell below 50% 2600 | -10/Mines | Discovered new exit (range 6) 2780 | -10/Mines | Identified exit to Materials 2858 | -10/Mines | Found a damaged Exp. Sensor Array with a note attached 2863 | -10/Mines | Found Prototype Device 3084 | -10/Mines | Entered Materials 3084 | -9/Materials | Accompanied by 2 allies 3084 | -9/Materials | Evolved 2 slots: Propulsion x1, Utility x1 3089 | -9/Materials | Led the pair of lost Derelicts to an unsafe place 3110 | -9/Materials | Identified exit to Mines 3110 | -9/Materials | Identified exit to Storage 3752 | -9/Materials | Lost 3 parts (1p2w) 3844 | -9/Materials | Discovered new exit (range 11) 3872 | -9/Materials | Build established: Scavenger-Mutant 4235 | -9/Materials | Discovered new exit (range 4) 4518 | -9/Materials | Discovered new exit (range 16) 4595 | -9/Materials | Identified Exp. Sensor Array 4684 | -9/Materials | First assault squad dispatched 4881 | -9/Materials | Repaired Hvy. Assault Rifle 5044 | -9/Materials | Build established: Mutant 5144 | -9/Materials | Entered Mines 5208 | -9/Mines | Discovered new exit (range 15) 5308 | -9/Mines | Destroyed 8 combat bots 5314 | -9/Mines | Assisted by bots powering up and referring to "LRC-V3" 5349 | -9/Mines | Learned location of Zion (-7) 5419 | -9/Mines | Discovered new exit (range 8) 5563 | -9/Mines | Received a Rocket Launcher from a helpful Derelict 5664 | -9/Mines | A Derelict revealed a hidden shortcut to a safe place 5768 | -9/Mines | Found the Drone Emporium 5776 | -9/Mines | Found Prototype Device 5776 | -9/Mines | Identified Thief Drone Bay 5891 | -9/Mines | Deemed a non-threat by the Exiles lab entrance 5891 | -9/Mines | Discovered new exit (range 6) 5902 | -9/Mines | Entered Exiles 5902 | -9/Exiles | Accompanied by 3 allies 5925 | -9/Exiles | Discovered new exit (range 15) 5948 | -9/Exiles | Met 8R-AWN 5970 | -9/Exiles | Met EX-HEX 6013 | -9/Exiles | Met EX-BIN 6108 | -9/Exiles | Met EX-DEC 6194 | -9/Exiles | Build established: Scavenger-Mutant 6245 | -9/Exiles | Discovered new exit (range 10) 6421 | -9/Exiles | Aligned with FarCom system 6423 | -9/Exiles | Given EX-Vault access code 6460 | -9/Exiles | Opened EX-Vault 6497 | -9/Exiles | Warned to stay clear of 0b10 Research branches 6582 | -9/Exiles | Attacked by the Exiles 6617 | -9/Exiles | Entered Mines 6617 | -8/Mines | Accompanied by 3 allies 6635 | -8/Mines | Discovered new exit (range 10) 6664 | -8/Mines | Discovered new exit (range 7) 7515 | -8/Mines | Build established: Mutant 8078 | -8/Mines | Entered Materials 8078 | -8/Materials | Accompanied by 2 allies 8078 | -8/Materials | Evolved 2 slots: Utility x2 8128 | -8/Materials | Repaired Hvy. Assault Rifle 9152 | -8/Materials | Discovered new exit (range 12) 9249 | -8/Materials | Lost 5 parts (1p2n2u) 9253 | -8/Materials | Destroyed 8 combat bots 9337 | -8/Materials | Lost 3 parts (2n1w) 9655 | -8/Materials | Build established: Scavenger-Mutant 9738 | -8/Materials | Identified exit to Factory 9941 | -8/Materials | Entered Factory 9941 | -7/Factory | Evolved 2 slots: Propulsion x1, Utility x1 10089 | -7/Factory | Discovered new exit (range 20) 10094 | -7/Factory | Identified exit to Lower Caves 10212 | -7/Factory | Entered Lower Caves 10238 | -7/Lower Caves | Build established: Scout 10254 | -7/Lower Caves | Encountered a Warlord checkpoint 10602 | -7/Lower Caves | Attracted the attention of an 0b10 checkpoint 10602 | -7/Lower Caves | Discovered new exit (range 19) 10608 | -7/Lower Caves | Identified exit to Lower Caves 10608 | -7/Lower Caves | Entered another Lower Caves area 10612 | -7/Lower Caves | Learned location of 1 exit from Factory 10820 | -7/Lower Caves | Encountered a Warlord checkpoint 10850 | -7/Lower Caves | Discovered new exit (range 20) 10913 | -7/Lower Caves | Identified exit to Zion 10914 | -7/Lower Caves | Entered Zion 10926 | -7/Zion | Discovered new exit (range 17) 10940 | -7/Zion | Found CR-A16's Pointy Stick 10962 | -7/Zion | Given the Hacking Drone Bay 11042 | -7/Zion | Learned location of Warlord (-5) 11221 | -7/Zion | Identified exit to Proximity Caves 11302 | -7/Zion | Entered Proximity Caves 11525 | -6/Proximity Caves | Identified exit to Factory 11856 | -6/Proximity Caves | Entered Factory 11856 | -6/Factory | Evolved 2 slots: Propulsion x1, Utility x1 11857 | -6/Factory | Identified exit to Lower Caves 11997 | -6/Factory | Repaired Lgt. Deuterium Engine 12091 | -6/Factory | Discovered new exit (range 3) 12092 | -6/Factory | Identified exit to Factory 12200 | -6/Factory | Build established: Hacker-Scout 12216 | -6/Factory | Entered Lower Caves 12247 | -6/Lower Caves | Learned location of 1 exit from Proximity Caves 12252 | -6/Lower Caves | Learned location of 1 exit from Factory 12447 | -6/Lower Caves | Spotted B-75 Beast 12574 | -6/Lower Caves | Discovered new exit (range 8) 12624 | -6/Lower Caves | Identified exit to Lower Caves 12628 | -6/Lower Caves | Entered another Lower Caves area 12629 | -6/Lower Caves | Discovered exit to Factory (range 11) 12692 | -6/Lower Caves | Encountered a Warlord checkpoint 12784 | -6/Lower Caves | Discovered new exit (range 13) 12797 | -6/Lower Caves | Identified exit to Data Miner 12797 | -6/Lower Caves | Entered Data Miner 12797 | -6/Data Miner | Discovered new exit (range 7) 12799 | -6/Data Miner | Identified exit to Proximity Caves 12809 | -6/Data Miner | Met Data Miner 12815 | -6/Data Miner | Learned location of Section 7 (-2) 12815 | -6/Data Miner | Acquired the access code to Warlord's prototype stash 12820 | -6/Data Miner | Received God Mode back door access code from Data Miner 12825 | -6/Data Miner | Destroyed Data Miner 12828 | -6/Data Miner | Found Prototype Hackware 12831 | -6/Data Miner | Data Conduit disabled 12852 | -6/Data Miner | Entered Proximity Caves 12871 | -5/Proximity Caves | Learned Factory non-interactive machine intel 12930 | -5/Proximity Caves | Spotted B-75 Beast 13560 | -5/Proximity Caves | Entered Factory 13560 | -5/Factory | Evolved 2 slots: Utility x2 13560 | -5/Factory | Identified System Mapper 13561 | -5/Factory | Identified exit to Upper Caves 13563 | -5/Factory | Loaded intel: 284 non-interactive machine locations 13679 | -5/Factory | Fabricated Mni. Smartbomb Launcher (x1) 13704 | -5/Factory | Fabricated Kinetic Spear (x1) 13763 | -5/Factory | Repaired Imp. Flight Unit 13989 | -5/Factory | Central database locked down 14024 | -5/Factory | Entered Upper Caves 14024 | -5/Upper Caves | Accompanied by 2 allies 14026 | -5/Upper Caves | Attracted the attention of an 0b10 checkpoint 14155 | -5/Upper Caves | Discovered new exit (range 7) 14157 | -5/Upper Caves | Identified exit to Upper Caves 14159 | -5/Upper Caves | Spotted B-75 Beast 14161 | -5/Upper Caves | Entered another Upper Caves area 14320 | -5/Upper Caves | Learned Factory terminal intel 14362 | -5/Upper Caves | Discovered new exit (range 9) 14366 | -5/Upper Caves | Identified exit to Warlord 14370 | -5/Upper Caves | Entered Warlord 14385 | -5/Warlord | Discovered new exit (range 9) 14515 | -5/Warlord | Warlord's base attacked by MAIN.C 14524 | -5/Warlord | Found Prototype Energy Gun 14524 | -5/Warlord | Identified Vortex Rifle 14527 | -5/Warlord | Found Prototype Energy Gun 14527 | -5/Warlord | Identified Vortex Rail 14548 | -5/Warlord | Met Warlord 14553 | -5/Warlord | Opened Warlord's prototype stash 14561 | -5/Warlord | Found Prototype Device 14561 | -5/Warlord | Identified System Purifier 14569 | -5/Warlord | Found Prototype Processor 14569 | -5/Warlord | Identified Exp. Targeting Computer 14573 | -5/Warlord | Found System Mapper 14591 | -5/Warlord | Opened side exit 14614 | -5/Warlord | Identified exit to Proximity Caves 14618 | -5/Warlord | Entered Proximity Caves 14869 | -4/Proximity Caves | Identified exit to Factory 14898 | -4/Proximity Caves | Attracted the attention of an 0b10 outpost 14898 | -4/Proximity Caves | Entered Factory 14898 | -4/Factory | Evolved 2 slots: Utility x2 14899 | -4/Factory | Loaded intel: 19 terminal locations 15007 | -4/Factory | Discovered new exit (range 20) 15198 | -4/Factory | Identified exit to Upper Caves 15202 | -4/Factory | Identified exit to Armory 15206 | -4/Factory | Entered Upper Caves 15243 | -4/Upper Caves | Build established: Wizard-Scout 15311 | -4/Upper Caves | Discovered new exit (range 13) 15455 | -4/Upper Caves | Identified exit to Upper Caves 15456 | -4/Upper Caves | Entered another Upper Caves area 15501 | -4/Upper Caves | Discovered new exit (range 10) 15503 | -4/Upper Caves | Identified exit to Research 16196 | -4/Upper Caves | Discovered new exit (range 10) 16198 | -4/Upper Caves | Learned Research emergency access door positions 16210 | -4/Upper Caves | Identified exit to Zhirov 16210 | -4/Upper Caves | Entered Zhirov 16210 | -4/Zhirov | Discovered new exit (range 3) 16215 | -4/Zhirov | Met Zhirov 16220 | -4/Zhirov | Learned location of Quarantine (-2) 16220 | -4/Zhirov | Learned location of Command (-1) 16224 | -4/Zhirov | Zhirov requested help retrieving the SGEMP Prototype 16244 | -4/Zhirov | Found Alien Artifact 16244 | -4/Zhirov | Identified Integrated Dissipator 16244 | -4/Zhirov | Installed Integrated Dissipator, increased core heat dissipation (+20) 16264 | -4/Zhirov | Found Alien Artifact 16274 | -4/Zhirov | Identified exit to Proximity Caves 16276 | -4/Zhirov | Entered Proximity Caves 16333 | -3/Proximity Caves | Spotted B-86 Titan 16617 | -3/Proximity Caves | Discovered exit to Research (range 13) 16646 | -3/Proximity Caves | Entered Research 16646 | -3/Research | Evolved 2 slots: Propulsion x1, Utility x1 16673 | -3/Research | Spotted B-86 Titan 16771 | -3/Research | Identified exit to Testing 16796 | -3/Research | Fabricated Imp. Q-thruster (x1) 16846 | -3/Research | Local fabrication network quarantined 16846 | -3/Research | Discovered new exit (range 4) 16886 | -3/Research | Identified exit to Research 16985 | -3/Research | Entered Testing 16997 | -3/Testing | Found Centrium Heavy Armor Plating 17025 | -3/Testing | Spotted PG-OKT6P1HCM4 17037 | -3/Testing | Found Prototype Hackware 17037 | -3/Testing | Identified Ghost Barrier 17050 | -3/Testing | Fabricated Exp. Signal Interpreter (x1) 17063 | -3/Testing | Fabricated Powered Armor? 17120 | -3/Testing | Identified Transdimensional Reconstructor 17125 | -3/Testing | Spotted Striker 17125 | -3/Testing | Spotted Striker 17354 | -3/Testing | Repaired Nova Cannon 17391 | -3/Testing | Repaired Exp. Sensor Array 17509 | -3/Testing | Scanned by Researcher 17543 | -3/Testing | Entered Research 17543 | -2/Research | Warlord forces began assault on 0b10 17543 | -2/Research | Evolved 2 slots: Utility x2 17578 | -2/Research | Identified exit to Quarantine 17578 | -2/Research | Identified exit to Access 17653 | -2/Research | Research machine network offline 17674 | -2/Research | Entered Access 17674 | -1/Access | Evolved 2 slots: Power x1, Utility x1 17689 | -1/Access | Identified exit to Surface 17689 | -1/Access | Identified exit to Command 17809 | *** | Escaped! Last Messages --------------- >>Access(Emergency) No emergency access doors found in local area. 17740_ Mapping Drone released from Mapping Drone Bay. 17749_ Mapping Drone retrieved by Mapping Drone Bay. 17788_ >> Machine Analyzer network decryption results: 17788_ Terminal x1 17791_ >> Machine Analyzer network decryption results: 17791_ Terminal x1 17792_ Connecting with Terminal... >>Layout(Zone) Retrieving Zone 5X layout... Downloaded map data. >>Alert(Purge) Purged threat record, alert level lowered. >>Alert(Purge) No threats on record. 17801_ Connecting with Terminal... >>Open Sealed Barrier opened. 17805_ Main Access Shell breached. Map ----- +----------------------------------------------------+ | ????########+########## #??""?????????????????? | | ????# #???????? #??""?????????????????? | | ###?# #???????????????????????????????? | | #?# #???????????????????????????????? | | #?# #???????????????????????????????? | | #?# #???????????????????????????????? | | #?# """""" #???????????????????????????????? | | ### """""" #???????????????????????????????? | | " " """""" #???????????????????????????????? | | ### """""" #???????????????????????????????? | | #?# """""" #???????????????????????????????? | | #?# #???????????????????????????????? | | #?# #?# ?????????????????????????? | | #?##############?# ?????????????????????????? | | #????????????????# BB ???BB????????????????????? | | "##????###?????????# BB ???BB????????????????????? | | #"###### ########??# ?????????????????????????? | | # #??#""""?????????????????????????? | | # #??#""""?????????????????????????? | | " # #??#""""?????????????????????????? | | """ # #??#""""???"""#??????????????????? | | """ # #??# ??? #??????????????????? | | " # #??# """""" #??????????????????? | | # #??# " " #??????????????????? | | # #??# " "" " #??????????????????? | | ###+#######??# " "@ " #??????""??????????? | | #+##### #???????# " " #??????""??????????? | | T" #???????# """ "" #??????""??????????? | | "" #???????# #???????S??????????? | | ###### #??????## ##?????""??????????? | | #????## ##??????# #?????""?????ss???? | | #?????# #???????##"" ##?????""??????????? | | #?????# #????????#"" #??????????????????? | | ##?????# #????????#"" #??????????????????? | | #??????# #????????#T #????????????s?????? | | #??????# #????????#"" #??????????????????? | | ######## ##???????#"" #??????????????????? | | # #########"" t####???????????????? | | + k ?????? | | # ?????? | | # ###############################+??????? | | ######?????????????????????????????????????? | | #??????????????????????????????????????????? | | ?????????????????????????????????????????????????? | | ?????????????????????????????????????????????????? | | ?????????????????????????????????????????????????? | | ?????????????????????????????????????????????????? | | ?????????????????????????????????????????????????? | | ?????????????????????????????????????????????????? | | ?????????????????????????????????????????????????? | +----------------------------------------------------+ Best States ------------- Heat Dissipation 73 Energy Generation 29 Energy Capacity 265 Matter Stores 300 Matter Capacity 300 Sight Range 23 Robot Scan Range 20 Terrain Scan Range 16 Terrain Scan Density 10 Jamming Range 8 Power Amplification 30 Armor Coverage 600 Resistance: KI 25 Core Shielding 20 Propulsion Shielding 90 Utility Shielding 66 Weapon Shielding 33 Evasion (%) 65 Targeting Accuracy 12 Recoil Reduction 3 Offensive Hacking 76 Defensive Hacking 34 Item Schematics ----------------- Exp. Sensor Array | -9/Materials | Scanalyzed Cld. VTOL Module | -6/Factory | Scanalyzed Exp. Terrain Scanner | -6/Data Miner | Free Exp. Terrain Scan Processor | -6/Data Miner | Free Exp. Transmission Jammer | -6/Data Miner | Free Mni. Smartbomb Launcher | -6/Data Miner | Free Kinetic Spear | -6/Data Miner | Free Plasma Sword | -6/Data Miner | Free Lgt. Regenerative Plating | -6/Data Miner | Free Combat Drone Bay | -6/Data Miner | Free Powered Armor | -5/Factory | Hacked Cld. Nuclear Pulse Thruster | -5/Factory | Scanalyzed Exp. Propulsion Shielding | -5/Factory | Hacked Adv. Hacking Suite | -5/Factory | Hacked Imp. Q-thruster | -4/Factory | Hacked Assault Drone Bay | -4/Zhirov | Free Exp. Heat Sink | -4/Zhirov | Free Exp. Optical Array | -4/Zhirov | Free Imp. Arc Thrower | -4/Zhirov | Free Exp. Signal Interpreter | -3/Research | Hacked Exp. Hacking Suite | -3/Testing | Hacked Cld. Field Propulsion Drive | -3/Testing | Scanalyzed Cld. Q-thruster | -3/Testing | Hacked Robot Schematics ------------------ S-27 Virus | -6/Data Miner | Free G-50 Soldier | -6/Data Miner | Free G-67 Veteran | -6/Data Miner | Free I-36 Angel | -6/Data Miner | Free Fabricated ------------ Mni. Smartbomb Launcher | x1 | -5/Factory Kinetic Spear | x1 | -5/Factory Imp. Q-thruster | x1 | -3/Research Exp. Signal Interpreter | x1 | -3/Testing Powered Armor | x2 | -3/Testing Alien Tech Used ----------------- Integrated Dissipator Achievements -------------- Slippery One Challenges ------------ None Game ------ Seed TrapRestorationMagmablaster Manual? 0 Play Time 05:06:55 Cumulative 104.2 hours Start 2021.05.11 @ 17:39:08 End 2021.06.03 @ 16:49:13 Sessions 2 Manual Loads 0 Difficulty Rogue Special Mode None Game No. 72 Rogue 51 Adventurer 13 Explorer 8 Win Type 0 Total 4 Types 3/0/1/0/0/0/0/0/0 Lore% 73 Gallery% 72 Achievement% 53 Wizard Run 0 Options --------- ASCII 0 Keyboard 0 Movement Numpad Keybinds 0 Fullscreen 2 Font 18/SmallcapsGlow Map View 76x50 Tactical HUD 1 Map Filters NONE Filters NONE Steam 1 RUN: 18666e8c-c145-42c7-a45a-42de1592aa29